 Dungeon Crawl Stone Soup version 0.16-a0-1301-gf74d490 (console) character file.

226 Orcus the Ducker (level 5, 0/38 HPs)
             Began as a Demonspawn Air Elementalist on Oct 15, 2014.
             Slain by an orc priest
             ... wielding a +0 dagger
              (3 damage)
             ... on level 4 of the Dungeon.
             The game lasted 00:14:01 (2478 turns).

Orcus the Ducker (Demonspawn Air Elementalist)      Turns: 2478, Time: 00:14:01

Health: 0/38       AC:  6    Str: 10    XL:     5   Next: 69%
Magic:  9/9        EV: 12    Int: 16    God:
Gold:   161        SH:  0    Dex: 13    Spells: 2 memorised, 5 levels left

rFire  . . .     SeeInvis .     u - +3 war axe (freeze)
rCold  . . .     Clarity  .     f - +0 leather armour
rNeg   . . .     SustAb   .     (no shield)
rPois  .         Gourm    .     (helmet restricted)
rElec  .         Spirit   .     k - +1 cloak
rCorr  .         Warding  .     (no gloves)
rMut   .         Stasis   .     w - +0 pair of boots
MR     +....                    (no amulet)
Stlth  ++++......               a - ring of wizardry
                                r - cursed ring of protection from magic

@: somewhat resistant to hostile enchantments, stealthy
A: hooves 1, horns 1, nightstalker 2
a: no special abilities


You were on level 4 of the Dungeon.
You were not hungry.

You visited 1 branch of the dungeon, and saw 4 of its levels.

You collected 161 gold pieces.

Inventory:

Hand weapons
 u - a +3 war axe of freezing (weapon)
Missiles
 x - 4 curare-tipped needles
Armour
 f - a +0 leather armour (worn)
 k - a +1 cloak (worn)
 w - a +0 pair of boots (worn)
Jewellery
 a - a ring of wizardry (right hand)
 r - a cursed ring of protection from magic (left hand)
Magical devices
 d - a wand of confusion (26)
Scrolls
 g - 2 scrolls of enchant weapon
 m - 2 scrolls of blinking
 o - a scroll of enchant armour
Potions
 i - a potion of degeneration
 l - 2 potions of restore abilities
 s - a potion of cure mutation
 t - a potion of lignification
Books
 b - a book of Air

   Spells                             Type                      Level
   *Shock                             Conjuration/Air              1
   Swiftness                          Charms/Air                   2
   *Repel Missiles                    Charms/Air                   2
   Flight                             Charms/Air                   3
   Static Discharge                   Conjuration/Air              3
   Lightning Bolt                     Conjuration/Air              5
Comestibles
 c - 4 bread rations
 j - a meat ration


   Skills:
 * Level 2.1 Fighting
 * Level 3.4 Dodging
 * Level 3.2 Stealth
 + Level 1.3 Unarmed Combat
 + Level 2.3 Spellcasting
 - Level 1.0 Conjurations
 - Level 3.0 Air Magic


You had 5 spell levels left.
You knew the following spells:

 Your Spells              Type           Power        Failure   Level  Hunger
a - Shock                 Conj/Air       #...         4%          1    #......
x - Repel Missiles        Chrm/Air       #.....       7%          2    ##.....


Dungeon Overview and Level Annotations

Branches:
Dungeon (4/15)             Temple (0/1) D:4

Altars:
Gozag
Makhleb
Qazlal

Annotations:
D:4 ciphuk's ghost, average DEIE


Innate Abilities, Weirdness & Mutations

You have large cloven feet.
You have a pair of small horns on your head.
You are significantly more attuned to the shadows.


Message History

Aim: an orc priest, wielding a dagger and wearing a ring mail The orc priest resists with some effort.
You wasted at least one charge getting the wand working.
The orc priest hits you with a dagger.
* * * LOW HITPOINT WARNING * * *
Evoke which item? (* to show all) (? for menu, Esc to quit)
Zapping:
d - a wand of confusion {zapped: 2} (will waste charges)
Press: ? - help, Shift-Dir - straight line, f/p - orc priest
Aim: an orc priest, wielding a dagger and wearing a ring mail The orc priest resists with some effort.
You wasted at least one charge getting the wand working.
The orc priest hits you but does no damage.
Evoke which item? (* to show all) (? for menu, Esc to quit)
Zapping:
d - a wand of confusion {zapped: 4} (will waste charges)
Press: ? - help, Shift-Dir - straight line, f/p - orc priest
Aim: an orc priest, wielding a dagger and wearing a ring mail The orc priest resists with some effort.
You wasted at least one charge getting the wand working.
The orc closely misses you. The orc priest hits you with a dagger.
You die...

.#. .............. ... ....
..............
...l.###.........###.#
.....#...........###.#
......#.######....#...
............##....#.# ..
.....#..o....'......###...
...o.######o##............
.........o@.##.............
.....######.##..........#.
... ######'#..###.# #.
#.#......# #.##.#####
#.##.# #.##.# #..... #....#


You could see an orc priest and an orc.

Vanquished Creatures
  A hound (D:3)
  Jessica (D:3)
  6 adders
  4 gnolls (D:3)
  A giant mite (D:3)
  3 giant geckos
  2 oozes (D:1)
  An orc (D:4)
  2 ball pythons
  7 giant cockroaches
  11 hobgoblins
  4 jackals
  7 kobolds
  A quokka (D:3)
  10 bats
  2 giant newts
  7 goblins
  4 rats
74 creatures vanquished.

Notes
Turn   | Place    | Note
--------------------------------------------------------------
     0 | D:1      | Orcus, the Demonspawn Air Elementalist, began the quest for the Orb.
     0 | D:1      | Reached XP level 1. HP: 13/13 MP: 3/3
   195 | D:1      | Gained mutation: You are slightly more attuned to the shadows. [demonic ancestry]
   195 | D:1      | Reached XP level 2. HP: 5/19 MP: 0/4
   371 | D:1      | Reached skill level 3 in Air Magic
   807 | D:2      | Gained mutation: You have a pair of small horns on your head. [demonic ancestry]
   807 | D:2      | Reached XP level 3. HP: 23/25 MP: 1/6
   987 | D:2      | Reached skill level 1 in Fighting
  1300 | D:3      | Gained mutation: You have large cloven feet. [demonic ancestry]
  1300 | D:3      | Reached XP level 4. HP: 32/32 MP: 2/7
  1398 | D:3      | Found an opulent altar of Gozag.
  1480 | D:3      | Reached skill level 1 in Unarmed Combat
  1601 | D:3      | Noticed Jessica
  1606 | D:3      | Killed Jessica
  1606 | D:3      | Gained mutation: You are significantly more attuned to the shadows. [demonic ancestry]
  1606 | D:3      | Reached XP level 5. HP: 34/38 MP: 5/9
  2002 | D:3      | Found a stormy altar of Qazlal.
  2006 | D:3      | Found a burning altar of Makhleb.
  2108 | D:3      | Learned a level 2 spell: Repel Missiles
  2163 | D:4      | Found a staircase to the Ecumenical Temple.
  2367 | D:4      | Noticed ciphuk's ghost (average DEIE)
  2478 | D:4      | Slain by an orc priest

Action                   |  1- 3 |  4- 6 || total
-------------------------+-------+-------++-------
Melee: Unarmed           |    48 |       ||    48
       Flail             |    18 |    10 ||    28
       Short sword       |       |     5 ||     5
       War axe           |       |     3 ||     3
 Cast: Shock             |    58 |    58 ||   116
Evoke: Wand              |       |     3 ||     3
  Use: Potion            |     1 |     2 ||     3
       Scroll            |       |    12 ||    12
 Stab: Sleeping          |     1 |     1 ||     2
  Eat: Chunk             |     2 |     3 ||     5
       Beef jerky        |       |     1 ||     1
